 Dungeon Crawl Stone Soup version 0.21.0 (webtiles) character file.

3423 AgrsvlyMoist the Destroyer (level 10, -6/50 HPs)
             Began as a Gargoyle Earth Elementalist on July 24, 2018.
             Was a Believer of Vehumet.
             Killed by divine providence
             ... invoked by an orc priest
              (12 damage)
             ... on level 8 of the Dungeon on July 25, 2018.
             The game lasted 00:49:48 (9885 turns).

AgrsvlyMoist the Destroyer (GrEE)                   Turns: 9885, Time: 00:49:49

Health: -6/50      AC: 15    Str: 12    XL:     10   Next: 5%
Magic:  8/14       EV: 19    Int: 19    God:    Vehumet [**....]
Gold:   291        SH:  0    Dex: 10    Spells: 10/15 levels left

rFire    . . .     SeeInvis .   v - staff of wizardry
rCold    . . .     Gourm    .   (no shield)
rNeg     + . .     Faith    .   B - +2 robe {MR+}
rPois    ∞         Spirit   .   (no helmet)
rElec    +         Reflect  .   w - scarf {repulsion}
rCorr    .         Harm     .   g - +2 pair of gloves
MR       +....                  h - +0 pair of boots
Stlth    +++.......             (no amulet)
HPRegen  0.16/turn              l - +5 ring of evasion
MPRegen  0.14/turn              s - ring of stealth

@: repel missiles
A: negative energy resistance 1, electricity resistance, unbreathing,
petrification resistance, rot immunity, AC +7
a: Renounce Religion


You were on level 8 of the Dungeon.
You worshipped Vehumet.
Vehumet was pleased with you.
You were not hungry.

You visited 2 branches of the dungeon, and saw 9 of its levels.

You collected 473 gold pieces.
You spent 182 gold pieces at shops.

Inventory:

Hand Weapons
 t - a +4 short sword
 y - a +3 dagger of venom
 H - a +1 quarterstaff of protection
Missiles
 b - 66 stones (quivered)
Armour
 c - a +0 robe
 g - a +2 pair of gloves (worn)
 h - a +0 pair of boots (worn)
 q - a +0 cloak
 w - a scarf of repulsion (worn)
 B - a +2 robe of magic resistance (worn)
Magical Staves
 v - an uncursed staff of wizardry (weapon)
Jewellery
 l - a +5 ring of evasion (left hand)
 n - an uncursed ring of positive energy
 s - a ring of stealth (right hand)
Wands
 a - a wand of acid (13)
 e - a wand of polymorph (8)
 F - a wand of flame (27)
Scrolls
 k - 4 scrolls of amnesia
 m - 2 scrolls of noise
 o - 2 scrolls of random uselessness
 r - 3 scrolls of teleportation
 u - 2 scrolls of identify
 x - 2 scrolls of fear
 D - 3 scrolls of remove curse
 E - a scroll of blinking {unknown}
Potions
 f - 5 potions of degeneration
 j - a potion of mutation {unknown}
 p - a potion of brilliance
 z - 2 potions of magic {unknown}
 A - a potion of might {unknown}
 G - a potion of ambrosia {unknown}
Books
 i - a book of Geomancy

   Spells                             Type                      Level
   a - Sandblast                      Earth                        1
   b - Passwall                       Transmutation/Earth          2
   c - Stone Arrow                    Conjuration/Earth            3
   d - Petrify                        Transmutation/Earth          4
   e - Lee's Rapid Deconstruction     Earth                        5
Comestibles
 d - 13 rations
 C - 3 chunks of flesh


   Skills:
 + Level 6.3 Dodging
 - Level 2.2 Stealth
 - Level 3.0 Spellcasting
 * Level 11.1 Conjurations
   Level 0.7 Transmutations
 - Level 7.1 Earth Magic


You had 10 spell levels left.
You knew the following spells:

 Your Spells              Type           Power        Failure   Level  Hunger
a - Sandblast             Erth           ####..       1%          1    None
b - Stone Arrow           Conj/Erth      #####.       1%          3    ###....
c - Sting                 Conj/Pois      ###.         1%          1    None


Dungeon Overview and Level Annotations

Branches:
Dungeon (8/15)             Temple (1/1) D:5            Lair (0/6) D:8

Altars:
Cheibriados
Dithmenos
Elyvilon
Fedhas
Gozag
Hepliaklqana
Kikubaaqudgha
Makhleb
Nemelex Xobeh
Okawaru
Qazlal
Ru
Trog
Uskayaw
Vehumet
Xom
Zin
The Shining One

Shops:
D:6 (


Innate Abilities, Weirdness & Mutations

You are resistant to torment.
Your stone body is resilient. (AC +7)
You are immune to poison.
You resist negative energy. (rN+)
You are resistant to electric shocks. (rElec)
You can survive without breathing.
You are immune to petrification.
You are immune to rotting.


Message History

The orc priest calls upon Beogh to heal the orc warrior.
The orc warrior is healed somewhat.
Casting: Stone Arrow
Confirm with . or Enter, or press ? or * to list all spells.
Aiming: Sandblast
Press: ? - help, Shift-Dir - straight line, f/p - orc warrior
Aim: an orc warrior, wielding a glaive of protection and wearing a chain mail (lightly wounded)
The blast of sand hits the orc warrior.
The orc warrior is lightly wounded.
b - 66 stones The orc warrior hits you from afar with a glaive of protection!!
* * * LOW HITPOINT WARNING * * *
The orc priest invokes the aid of Beogh against you.
Beogh smites you!
* * * LOW HITPOINT WARNING * * *
The orc warrior closely misses you.
You see here an animal skin.
The orc priest calls down the wrath of Beogh upon you.
Beogh smites you!
You die...

*#.# *,,,,,,,,,**
##.### **,,,,,,,,,*
...[.### ***,,,,*,,*
.......## *******,**
........## **,*
.........# #####
.......(.## ##...##
..........#
##.[...##
..........#
##@......#
..........#
#........#
..........#
##........#
..........#
#..o[....##
##.......##
#........# ###....##
##..[.....# ##o###
#........## #..##
#o.[.....#
###...#####.......##


You could see an orc warrior and an orc priest.

Vanquished Creatures
  Pikel (D:7)
  Maurice (D:8)
  A troll (D:5)
  Sigmund (D:4)
  Edmund (D:4)
  Duvessa (D:4)
  A phantom (D:5)
  4 slaves (D:8)
  A black bear (D:6)
  A sky beast (D:5)
  3 ogres
  A necrophage (D:7)
  A centaur (D:5)
  4 bullfrogs
  A gnoll sergeant (D:8)
  Dowan (D:4)
  4 scorpions
  2 crimson imps (D:7)
  A bullfrog zombie (D:7)
  4 jellies
  2 orc priests
  A hound (D:7)
  An orc wizard (D:4)
  2 bullfrog skeletons
  2 iguanas (D:6)
  5 worker ants
  A howler monkey zombie (D:5)
  A worker ant zombie (D:8)
  2 adders
  7 gnolls
  A shadow imp (D:6)
  2 oozes
  2 worms (D:2)
  3 dart slugs
  10 leopard geckos
  20 orcs
  6 giant cockroaches
  5 goblins
  5 hobgoblins
  4 jackals (D:2)
  7 kobolds
  5 quokkas
  3 ball pythons
  7 bats
  3 frilled lizards
  A jackal skeleton (D:5)
  2 leopard gecko skeletons
  A quokka skeleton (D:4)
  5 rats
151 creatures vanquished.

Vanquished Creatures (others)
  5 fungi (D:8)
  A plant (D:8)
6 creatures vanquished.

Grand Total: 157 creatures vanquished

Notes
Turn   | Place    | Note
-------+----------+-------------------------------------------
     0 | D:1      | AgrsvlyMoist the Gargoyle Earth Elementalist began the quest for the Orb.
     0 | D:1      | Reached XP level 1. HP: 10/10 MP: 3/3
    58 | D:1      | Reached XP level 2. HP: 14/15 MP: 0/5
   553 | D:1      | Reached XP level 3. HP: 19/19 MP: 3/6
  1001 | D:2      | Found a snail-covered altar of Cheibriados.
  1391 | D:2      | Reached skill level 5 in Earth Magic
  1574 | D:2      | Reached XP level 4. HP: 24/24 MP: 1/8
  1842 | D:2      | Learned a level 3 spell: Stone Arrow
  2402 | D:3      | Found a sacrificial altar of Ru.
  2657 | D:3      | Reached XP level 5. HP: 24/28 MP: 0/9
  2810 | D:3      | Found a glowing silver altar of Zin.
  2936 | D:3      | Found a glowing golden altar of the Shining One.
  2961 | D:3      | Found a bloodstained altar of Trog.
  2961 | D:3      | Found a radiant altar of Vehumet.
  2968 | D:3      | Found an opulent altar of Gozag.
  2984 | D:3      | Became a worshipper of Vehumet
  3285 | D:4      | Noticed an ogre
  3292 | D:4      | Killed an ogre
  3395 | D:4      | Noticed Duvessa
  3395 | D:4      | Noticed Dowan
  3789 | D:4      | Killed Dowan
  3789 | D:4      | Reached skill level 1 in Conjurations
  3789 | D:4      | Reached XP level 6. HP: 32/32 MP: 4/10
  3945 | D:4      | Reached skill level 2 in Conjurations
  4266 | D:4      | Killed Duvessa
  4266 | D:4      | Reached skill level 3 in Conjurations
  4266 | D:4      | Reached XP level 7. HP: 32/36 MP: 0/11
  4601 | D:4      | Noticed Edmund
  4613 | D:4      | Killed Edmund
  4613 | D:4      | Reached skill level 4 in Conjurations
  4634 | D:4      | Noticed Sigmund
  4700 | D:4      | Killed Sigmund
  4878 | D:5      | Entered Level 5 of the Dungeon
  4880 | D:5      | Reached skill level 5 in Conjurations
  4930 | D:5      | Noticed a troll
  4939 | D:5      | Killed a troll
  4939 | D:5      | Reached skill level 6 in Conjurations
  4939 | D:5      | Reached XP level 8. HP: 21/41 MP: 0/12
  5252 | D:5      | Reached * piety under Vehumet
  5252 | D:5      | Offered knowledge of Sting by Vehumet.
  5354 | D:5      | Learned a level 1 spell: Sting
  5474 | D:5      | Reached skill level 7 in Conjurations
  5943 | D:5      | Found a staircase to the Ecumenical Temple.
  5959 | Temple   | Entered the Ecumenical Temple
  6148 | D:5      | Found a shadowy altar of Dithmenos.
  6613 | D:6      | Reached skill level 8 in Conjurations
  6707 | D:6      | Found a shimmering altar of Xom.
  6780 | D:6      | Reached XP level 9. HP: 33/45 MP: 2/13
  6946 | D:6      | Found Wynubehube's Antique Weapon Shoppe.
  6971 | D:6      | Reached skill level 5 in Dodging
  7077 | D:6      | Bought a runed quarterstaff for 182 gold pieces
  7499 | D:7      | Reached skill level 9 in Conjurations
  8003 | D:7      | Reached ** piety under Vehumet
  8348 | D:7      | Offered knowledge of Flame Tongue by Vehumet.
  8936 | D:8      | Noticed Maurice
  8990 | D:8      | Reached skill level 10 in Conjurations
  9084 | D:8      | Noticed Pikel
  9328 | D:7      | Killed Pikel
  9603 | D:8      | Killed Maurice
  9603 | D:8      | Reached skill level 11 in Conjurations
  9603 | D:8      | Reached XP level 10. HP: 44/50 MP: 6/14
  9885 | D:8      | Killed from afar by an orc priest

Skill      XL: |  1  2  3  4  5  6  7  8  9 |
---------------+----------------------------+-----
Earth Magic    | 4 5 7 |  7.1
Spellcasting   | 3 |  3.0
Conjurations   | 1 3 6 8 11 | 11.1
Dodging        | 2 3 4 6 |  6.3
Stealth        | |  2.2
Transmutations | |  0.7

Action                   |  1- 3 |  4- 6 |  7- 9 | 10-12 || total
-------------------------+-------+-------+-------+-------++-------
Melee: Unarmed           |     4 |       |       |       ||     4
       Dagger            |    21 |    74 |       |       ||    95
       Short sword       |       |       |    45 |       ||    45
       Staff             |       |       |    93 |     2 ||    95
       Quarterstaff      |       |       |    13 |       ||    13
 Cast: Sandblast         |    63 |    36 |    73 |     2 ||   174
       Stone Arrow       |       |    27 |    47 |     5 ||    79
       Sting             |       |       |   152 |     5 ||   157
  Use: Scroll            |     1 |     6 |     6 |       ||    13
       Potion            |       |     4 |     2 |       ||     6
 Stab: Sleeping          |       |       |     1 |       ||     1
  Eat: Chunk             |     3 |     8 |    15 |     1 ||    27
       Ration            |       |     1 |     2 |       ||     3
Armor: Robe              |     8 |    20 |    71 |       ||    99
Dodge: Dodged            |    41 |    94 |   188 |     5 ||   328
       Deflected         |       |       |     2 |       ||     2
